 Dungeon Crawl Stone Soup version 0.17.1-1-g73c8601 (webtiles) character file.

226 PossumBlood the Chopper (level 6, -10/47 HPs)
             Began as a Formicid Fighter on Dec 25, 2015.
             Mangled by PossumBlood's ghost (14 damage)
             ... on level 4 of the Dungeon.
             The game lasted 00:09:18 (2250 turns).

PossumBlood the Chopper (Formicid Fighter)          Turns: 2250, Time: 00:09:18

Health: -10/47     AC: 12    Str: 27    XL:     6   Next: 22%
Magic:  6/6        EV:  8    Int:  8    God:
Gold:   111        SH: 10    Dex: 10    Spells: 0 memorised, 5 levels left

rFire  . . .     SeeInvis +     a - +0 war axe
rCold  . . .     Clarity  .     A - +3 ring mail
rNeg   . . .     SustAt   .     c - +0 shield
rPois  .         Gourm    .     (helmet unavailable)
rElec  .         Spirit   .     f - +1 cloak
rCorr  .         Warding  .     (no gloves)
rMut   .         Stasis   +     n - +0 pair of boots
MR     .....                    (no amulet)
Stlth  ..........               (no ring)
                                (no ring)

@: mighty, not resistant to hostile enchantments, extremely unstealthy
A: permanent stasis, dig shafts and tunnels, four strong arms, antennae 3
a: Dig, Shaft Self


You were on level 4 of the Dungeon.
You were not hungry.

You visited 1 branch of the dungeon, and saw 4 of its levels.

You collected 111 gold pieces.

Inventory:

Hand Weapons
 a - a +0 war axe (weapon)
Armour
 b - a +0 scale mail
 c - a +0 shield (worn)
 f - a +1 cloak (worn)
 g - a +0 large shield
 n - a +0 pair of boots (worn)
 A - a +3 ring mail (worn)
Wands
 p - a wand of enslavement (6)
Scrolls
 j - a scroll of recharging {unknown}
 l - a scroll of remove curse
Potions
 h - a potion of brilliance {unknown}
 o - a potion of agility {unknown}
 q - a potion of invisibility
 r - a potion of lignification {unknown}
 s - a potion of flight {unknown}
 t - 2 potions of curing {unknown}
 u - a potion of haste {unknown}
 v - 2 potions of heal wounds {unknown}
 x - a potion of berserk rage {unknown}
Comestibles
 e - 4 bread rations
 i - 2 beef jerkies
 k - a royal jelly
 m - 2 meat rations
 z - a slice of pizza


   Skills:
 - Level 3.2 Fighting
 * Level 6.0 Axes
 - Level 3.2 Armour
 - Level 3.6 Shields


You had 5 spell levels left.
You didn't know any spells.

Dungeon Overview and Level Annotations

Branches:
Dungeon (4/15)
 Temple: D:4-7

Altars:
Yredelemnul

Annotations:
D:4 PossumBlood's ghost, amateur FoFi


Innate Abilities, Weirdness & Mutations

You are under a permanent stasis effect.
You can dig through walls and to a lower floor.
Your four strong arms can wield two-handed weapons with a shield.
You have a pair of large antennae on your head (SInv).


Message History

Drink which item? (? for menu, Esc to quit)
You feel very mighty all of a sudden.
PossumBlood's ghost screams, "You will never get the ORB!"
PossumBlood's ghost hits you but does no damage.
You closely miss PossumBlood's ghost.
PossumBlood's ghost is heavily damaged.
PossumBlood's ghost lets out a mournful wail.
PossumBlood's ghost closely misses you.
You barely miss PossumBlood's ghost.
PossumBlood's ghost is heavily damaged.
You block PossumBlood's ghost's attack.
You slash PossumBlood's ghost!
PossumBlood's ghost is severely damaged.
You block PossumBlood's ghost's attack.
You hit PossumBlood's ghost but do no damage.
PossumBlood's ghost is severely damaged.
PossumBlood's ghost hits you!
* * * LOW HITPOINT WARNING * * *
PossumBlood's ghost hits you!
You die...

..#.# ..#.# #### .##.# #.. .##.#
############.### #### ....#
#.........#....# #...
.#######.....###.#..#.##### ##...
###.....)......#.#......... #....
# #..........#.#......<# ####....
# #.....†.......@W.....# #....#..
# #.....##...#.##....#.# #.####..
# #.....##...#.#...#...###.#.....
###.....######.#.###.......#.##?.
.....#### #.#. #..###### ###
###### #.#......# # # ....####..
# ... .... { # #. { #


You could see PossumBlood's ghost.

Vanquished Creatures
  3 orc wizards
  An orc priest (D:3)
  2 adders (D:3)
  3 worms
  6 giant geckos
  9 orcs
  9 bats
  2 giant cockroaches
  2 gnoll zombies (D:2)
  5 hobgoblins
  13 jackals
  A quokka (D:3)
  A ball python (D:3)
  5 giant newts
  5 goblins
  A kobold (D:3)
  6 rats
74 creatures vanquished.

Notes
Turn   | Place    | Note
--------------------------------------------------------------
     0 | D:1      | PossumBlood the Formicid Fighter began the quest for the Orb.
     0 | D:1      | Reached XP level 1. HP: 18/18 MP: 1/1
    87 | D:1      | Reached XP level 2. HP: 20/24 MP: 2/2
   385 | D:1      | Reached XP level 3. HP: 27/29 MP: 3/3
  1006 | D:2      | Reached XP level 4. HP: 28/35 MP: 4/4
  1038 | D:2      | Reached skill level 4 in Axes
  1261 | D:2      | Found a basalt altar of Yredelemnul.
  1495 | D:3      | Reached XP level 5. HP: 24/41 MP: 5/5
  1705 | D:3      | Reached skill level 5 in Axes
  2126 | D:4      | Reached XP level 6. HP: 44/47 MP: 6/6
  2132 | D:4      | Reached skill level 6 in Axes
  2232 | D:4      | Noticed PossumBlood's ghost (amateur FoFi)
  2250 | D:4      | Mangled by PossumBlood's ghost

Action                   |  1- 3 |  4- 6 || total
-------------------------+-------+-------++-------
Melee: War axe           |   115 |   133 ||   248
  Use: Scroll            |       |     6 ||     6
       Potion            |       |     1 ||     1
  Eat: Bread ration      |       |     1 ||     1
